 Dungeon Crawl Stone Soup version 0.24.1-5-g77f818bfca (webtiles) character file.

Game seed: 14694835077717900629, levelgen mode: deterministic

20 Meaglor the Grave Robber (level 2, -1/19 HPs)
             Began as a Demonspawn Necromancer on Apr 26, 2020.
             Slain by a kobold
             ... wielding a +0 short sword
              (3 damage)
             ... on level 1 of the Dungeon.
             The game lasted 00:10:51 (643 turns).

Meaglor the Grave Robber (Demonspawn Necromancer)    Turns: 643, Time: 00:10:51

Health: -1/19      AC:  4    Str:  8    XL:     2   Next: 58%
Magic:  3/5        EV: 12    Int: 16    God:
Gold:   106        SH:  0    Dex: 13    Spells: 3/5 levels left

rFire    . . .     SeeInvis .   b - +0 hand axe
rCold    . . .     Gourm    .   (no shield)
rNeg     . . .     Faith    .   a - +0 robe
rPois    .         Spirit   .   (no helmet)
rElec    .         Reflect  .   (no cloak)
rCorr    .         Harm     .   (no gloves)
MR       .....                  (no boots)
Stlth    ++........             (no amulet)
HPRegen  0.06/turn              (no ring)
MPRegen  0.09/turn              (no ring)

@: no status effects
A: yellow scales 1
a: no special abilities


You were on level 1 of the Dungeon.
You were not hungry.

You visited 1 branch of the dungeon, and saw 1 of its levels.

You collected 106 gold pieces.

Inventory:

Hand Weapons
 b - a +0 hand axe (weapon)
 d - a +0 whip
 g - a +0 dagger
Missiles
 h - 21 poisoned darts (quivered)
Armour
 a - a +0 robe (worn)
Potions
 e - a potion of cancellation {unknown}
Comestibles
 c - 3 rations


   Skills:
 + Level 0.3 Axes
 + Level 2.0 Dodging
 + Level 1.8 Stealth
 + Level 2.2 Spellcasting
 + Level 4.7 Necromancy


You had 3 spell levels left.
You knew the following spells:

 Your Spells              Type           Power        Failure   Level  Hunger
a - Pain                  Necr           ###.         2%          1    #......
b - Animate Skeleton      Necr           N/A          2%          1    #......

Your spell library contained the following spells:

 Spells                   Type           Power        Failure   Level  Hunger
 Vampiric Draining        Necr           ###.......   9%          3    ###....
 Regeneration             Chrm/Necr      #.........   22%         3    ###....
 Animate Dead             Necr           N/A          28%         4    #####..


Dungeon Overview and Level Annotations

Branches:
Dungeon (1/15)

Altars:


Innate Abilities, Weirdness & Mutations

You are partially covered in yellow scales. (AC +2)


Message History

Casting: Pain (safe; 2% risk of failure)
Confirm with . or Enter, or press ? or * to list all spells.
Aiming: Pain (safe; 2% risk of failure)
Press: ? - help, Shift-Dir - straight line, f - kobold
Aim: a kobold, wielding a +0 short sword (chance to defeat MR: 87%)
The kobold writhes in agony.
The kobold throws a stone.
The stone completely misses you. The kobold hits you but does no damage.
You see here a frilled lizard corpse.
You hit the kobold.
The kobold is severely wounded.
The kobold barely misses you.
You closely miss the kobold.
The kobold is severely wounded.
The kobold hits you with a +0 short sword. x2
* * * LOW HITPOINT WARNING * * *
You barely miss the kobold.
The kobold is severely wounded.
The kobold hits you with a +0 short sword.
You die...

#######..# ......#..#
....[.#..# ......#..#.#
......#.Z#.### .
......#.>#... ...
......##.#..#########.....
......##.#..#....(.......#
......##.#..#..Z@#####.#.#
......##.#..#..K........
......'........(........
......##...........###.#
......####.#...........
####### ................
#.#.#.#.###.###.#
#.#....... .# # #
#.#..####.#


You could see a kobold and a friendly kobold skeleton.

Vanquished Creatures
  An ooze (D:1)
  4 giant cockroaches (D:1)
  2 hobgoblins (D:1)
  4 kobolds (D:1)
  A frilled lizard (D:1)
  A goblin (D:1)
  3 rats (D:1)
16 creatures vanquished.

Vanquished Creatures (collateral kills)
  A bat (D:1)
1 creature vanquished.

Grand Total: 17 creatures vanquished

Notes
Turn   | Place    | Note
-------+----------+-------------------------------------------
     0 | D:1      | Meaglor the Demonspawn Necromancer began the quest for the
                  | Orb.
     0 | D:1      | Reached XP level 1. HP: 13/13 MP: 3/3
   107 | D:1      | Learned a level 1 spell: Animate Skeleton
   302 | D:1      | Gained mutation: You are partially covered in yellow
                  | scales. (AC +2) [demonic ancestry]
   302 | D:1      | Reached XP level 2. HP: 16/19 MP: 0/5
   643 | D:1      | Slain by a kobold

Levels and vault maps discovered:
D:1:      minmay_arrival_wavy_path, layout_basic, chequers_serial_rivers_micro_c

Skill      XL: |  1  2 |
---------------+-------+-----
Dodging        | 2 |  2.0
Axes           | |  0.3
Stealth        | |  1.8
Spellcasting   | |  2.2
Necromancy     | |  4.7

Action                   || total
-------------------------++-------
Melee: Hand axe          ||    41
Throw: Dart              ||     1
 Cast: Pain              ||    13
       Animate Skeleton  ||     3
  Use: Scroll            ||     3
       Potion            ||     1
 Stab: Sleeping          ||     1
Armor: Robe              ||    17
Dodge: Dodged            ||    38
